AoeStats
← ic.adelira

Arena

510914400Analyzed
4v4 RM · 20h ago on Oct 3, 2026· 55m 11s· 8 players
Game mode
Random Map
Map size
Large (8 player)
Population
200
Speed
Normal
Resources
Standard
Victory
Conquest
Starting age
Dark Age
Ending age
Imperial Age
RankedLock teamsTeams togetherTeam positionsShared explorationLock speedFull tech treeHidden civsTurbo modeCheats
Victory
Defeat
🇯🇵 Inca · Japan
1202
+13
🇨🇳 Sicilians · China
1171
+15
🇮🇩 Magyars · Indonesia
1150
+15
🇫🇷 Burgundians · France
1143
+16
🇺🇸 Saracens · United States
1226
-19
🇲🇽 Burmese · Mexico
1173
-16
🇺🇸 Mapuche · United States
1080
-12
🇫🇷 Gurjaras · France
1073
-12
LArcadia49
9:02 Loom
11:19 Feudal Age
15:31 Castle Age
13:51 Double-Bit Axe
13:54 Horse Collar
17:06 Bow Saw
17:12 Cavalier
19:34 Husbandry
19:33 Gold Mining
23:02 Forging
27:03 Wheelbarrow
28:23 Town Watch
29:04 Scale Barding Armor
33:02 Imperial Age
31:29 Chain Barding Armor
32:40 Light Cavalry
34:11 Iron Casting
33:39 Heavy Plow
33:47 Paladin
35:07 Hand Cart
36:52 Plate Barding Armor
37:33 Blast Furnace
36:06 Hussar
40:04 Conscription
40:11 Burgundian Vineyards
42:36 Squires
42:40 Scale Mail Armor
45:45 Chain Mail Armor
45:30 Pikeman
45:57 Arson
48:33 Plate Mail Armor
48:09 Halberdier
ORANGE汁!!!
11:11 Feudal Age
14:46 Castle Age
12:37 Double-Bit Axe
12:51 Horse Collar
16:05 Bow Saw
16:08 Heavy Plow
16:39 Loom
22:02 Wheelbarrow
22:24 Town Watch
22:32 Gold Mining
24:12 Hand Cart
28:36 Imperial Age
26:10 Stone Mining
26:41 Scale Mail Armor
27:03 Masonry
27:25 Forging
27:20 Squires
28:21 Chain Mail Armor
27:59 Fletching
28:32 Ballistics
29:07 Gold Shaft Mining
29:09 Stone Shaft Mining
29:12 Iron Casting
29:28 First Crusade
29:09 Murder Holes
29:46 Conscription
30:03 Hoardings
29:16 Arrowslits
30:06 Plate Mail Armor
30:58 Blast Furnace
30:38 Bodkin Arrow
31:46 Chemistry
30:52 Siege Engineers
31:30 Crop Rotation
31:20 Elite Serjeant
31:28 Pikeman
33:55 Capped Ram
35:43 Siege Ram
36:12 Halberdier
Sir Aldi
7:42 Loom
10:23 Feudal Age
16:02 Castle Age
13:51 Horse Collar
14:02 Double-Bit Axe
21:06 Fletching
24:44 Wheelbarrow
26:55 Padded Archer Armor
26:53 Bodkin Arrow
28:08 Hand Cart
29:19 Corvinian Army
30:01 Ballistics
30:23 Town Watch
30:52 Thumb Ring
32:05 Leather Archer Armor
36:48 Imperial Age
34:40 Bow Saw
35:05 Scale Barding Armor
38:21 Chain Barding Armor
38:04 Bracer
37:34 Heavy Cavalry Archer
40:09 Parthian Tactics
42:36 Chemistry
42:38 Gold Mining
45:49 Ring Archer Armor
45:27 Elite Magyar Huszar
46:16 Recurve Bow
46:53 Masonry
47:48 Husbandry
47:59 Bloodlines
48:30 Plate Barding Armor
51:10 Conscription
cupubangetz
10:38 Feudal Age
11:06 Double-Bit Axe
11:48 Loom
15:07 Castle Age
13:39 Horse Collar
16:21 Heavy Plow
16:34 Bow Saw
17:41 Heavy Plow
21:15 Stone Mining
21:30 Gold Mining
23:05 Wheelbarrow
23:56 Stone Shaft Mining
26:01 Gold Shaft Mining
25:24 Treadmill Crane
25:30 Champi Runner
29:21 Imperial Age
27:13 Scale Mail Armor
27:06 Pikeman
27:46 Squires
28:26 Hand Cart
28:42 Forging
29:03 Ballistics
28:54 Masonry
30:07 Iron Casting
29:23 Capped Ram
30:27 Conscription
30:50 Crop Rotation
30:53 Chain Mail Armor
30:31 Town Watch
30:33 Halberdier
31:31 Arson
32:16 Fabric Shields
33:11 Hoardings
32:48 Masonry
33:38 Chemistry
32:44 Siege Engineers
32:19 Champi Runner
32:25 Elite Skirmisher
33:11 Thumb Ring
32:34 Onager
34:30 Blast Furnace
34:01 Plate Mail Armor
33:39 Fletching
35:09 Fabric Shields
35:41 Champi Warrior
36:41 Padded Archer Armor
37:51 Andean Sling
38:42 Hoardings
37:38 Elite Champi Warrior
39:21 Coinage
38:52 Caravan
39:26 Murder Holes
39:18 Arrowslits
39:53 Andean Sling
40:18 Leather Archer Armor
40:01 Bodkin Arrow
40:49 Banking
41:00 Bracer
42:29 Guilds
42:22 Siege Ram
43:25 Town Patrol
43:57 Elite Kamayuk
53:57 Sappers
54:43 Leather Archer Armor
54:35 Siege Engineers
54:22 Guard Tower
54:43 Fortified Wall
53:56 Heavy Scorpion
Suko
7:58 Loom
11:06 Feudal Age
17:39 Castle Age
16:16 Double-Bit Axe
16:26 Horse Collar
18:56 Bow Saw
19:27 Heavy Plow
21:18 Gold Mining
26:43 Bloodlines
25:59 Light Cavalry
27:25 Scale Barding Armor
27:31 Forging
27:47 Husbandry
29:23 Chain Barding Armor
30:20 Iron Casting
37:25 Imperial Age
35:31 Wheelbarrow
36:12 Kshatriyas
37:07 Hand Cart
37:26 Heavy Camel Rider
37:27 Elite Shrivamsha Rider
38:50 Plate Barding Armor
41:11 Conscription
40:27 Hussar
41:24 Siege Elephant
44:14 Chemistry
43:35 Ballistics
43:13 Murder Holes
46:18 Hoardings
55:21 Frontier Guards
55:32 Frontier Guards
Forkan Rick
10:59 Feudal Age
14:51 Castle Age
16:43 Double-Bit Axe
16:47 Horse Collar
18:51 Loom
18:58 Loom
20:13 Wheelbarrow
24:09 Scale Barding Armor
25:43 Hand Cart
25:33 Heavy Plow
27:35 Bloodlines
30:10 Imperial Age
27:50 Husbandry
28:47 Gold Mining
29:15 Bow Saw
30:40 Chain Barding Armor
30:32 Forging
30:52 Fletching
32:45 Conscription
33:40 Iron Casting
34:26 Plate Barding Armor
33:57 Elite Mameluke
35:27 Hoardings
36:30 Blast Furnace
42:22 Chemistry
41:44 Ballistics
41:35 Masonry
41:31 Padded Archer Armor
41:28 Bodkin Arrow
41:02 Elite Skirmisher
41:48 Thumb Ring
41:45 Murder Holes
43:02 Two-Man Saw
42:41 Gold Shaft Mining
43:04 Light Cavalry
44:09 Bracer
44:22 Hussar
48:07 Leather Archer Armor
ic.adelira
10:31 Feudal Age
14:39 Castle Age
13:31 Horse Collar
19:49 Fervor
22:59 Wheelbarrow
22:12 Town Watch
22:16 Loom
22:41 Heavy Plow
23:25 Gold Mining
26:10 Gold Shaft Mining
25:25 Stone Mining
26:11 Hand Cart
26:48 Scale Barding Armor
26:54 Forging
26:35 Fletching
29:22 Imperial Age
26:52 Fletching
27:24 Bloodlines
27:42 Husbandry
28:57 Scale Barding Armor
29:03 Forging
28:48 Bodkin Arrow
29:47 Squires
29:32 Arson
29:38 Gambesons
29:17 Man-at-Arms
30:46 Chain Barding Armor
30:28 Bodkin Arrow
31:15 Masonry
31:41 Conscription
31:51 Elite Battle Elephant
33:50 Bracer
34:33 Crop Rotation
35:05 Howdah
35:11 Long Swordsman
36:05 Scale Mail Armor
36:41 Iron Casting
37:05 Two-Handed Swordsman
39:33 Plate Barding Armor
39:10 Murder Holes
39:46 Architecture
38:45 Champion
redheadedkiller
0:38 Loom
1:56 Loom
2:20 Loom
2:50 Loom
3:09 Loom
11:18 Feudal Age
15:30 Castle Age
14:43 Horse Collar
14:53 Double-Bit Axe
14:49 Horse Collar
18:13 Champi Runner
22:23 Scale Mail Armor
24:15 Champi Warrior
27:36 Arson
31:31 Forging
31:36 Chain Mail Armor
32:06 Malon
35:07 Imperial Age
34:52 Iron Casting
37:23 Ballistics
37:00 Murder Holes
37:48 Elite Champi Warrior
39:51 Chain Mail Armor
40:43 Blast Furnace
39:31 Pikeman
41:34 Plate Mail Armor
41:04 Padded Archer Armor
43:37 Fletching
44:28 Halberdier
Connection lost

Rejoining the realm…

Still unreachable

The connection could not be restored.

Session expired

The server has moved on; the page needs a fresh start.